General information
- name: BNet
- type: Ladder 1vs1/FFA
- host: Battle.net
- saver: BEAR_AND
map: TurtleRock
- players: 2
- length: 05:31
- speed: Fast
- version: 1.21 W3XP
- replay type:

» download(20 KB)
Players
team 1 (loser)
d-25x (
green | 36 APM | 196 actions | 05:29)
1 Demon Hunter
1 Immolation
» actions
| Build / train | 21 | |
| Enter build submenu | 8 | |
| Enter hero's abilities submenu | 1 | |
| Remove unit from queue | 1 | |
| Right click | 80 | |
| Select / deselect | 72 | |
| Use ability | 13 | |
196 total
» units
» upgrades
| Strength of the Moon | 0 | |
| Moon Armor | 1 | |
1 total
» buildings
| Moon Well | 2 | |
| Altar of Elders | 1 | |
| Hunter's Hall | 1 | |
| Ancient of War | 1 | |
| Ancient Protector | 1 | |
6 total
» build order
00:17 Moon Well
00:49 Altar of Elders
01:26 Hunter's Hall
01:54 Ancient of War
02:09 Moon Well
02:53 Ancient Protector
team 2 (winner)
BEAR_AND (
purple | 188 APM | 1039 actions | 05:31)
3 Firelord
2 Summon Lava Spawn
1 Soul Burn
» actions
| Assign group hotkey | 20 | |
| Basic commands | 6 | |
| Build / train | 35 | |
| Enter build submenu | 14 | |
| Enter hero's abilities submenu | 3 | |
| Remove unit from queue | 3 | |
| Right click | 612 | |
| Select / deselect | 112 | |
| Select group hotkey | 213 | |
| Use ability | 21 | |
1039 total
» units
» upgrades
» buildings
| Barracks | 1 | |
| Farm | 5 | |
| Altar of Kings | 1 | |
| Lumber Mill | 1 | |
| Scout Tower | 5 | |
| Guard Tower | 5 | |
| Arcane Tower | 1 | |
19 total
» build order
00:07 Barracks
00:11 Farm
00:51 Altar of Kings
00:54 Farm
01:44 Farm
02:06 Lumber Mill
02:24 Farm
03:16 Scout Tower
03:18 Scout Tower
03:19 Scout Tower
03:31 Scout Tower
03:46 Guard Tower
03:52 Guard Tower
04:00 Guard Tower
04:25 Scout Tower
04:26 Arcane Tower
04:34 Farm
04:41 Guard Tower
Chat log
(02:59 / All) BEAR_AND: LMAO
(04:38 / All) BEAR_AND: LEAVE